Map: Coda LE

Players

spaz (Spatz)

  • Race: Protoss Protoss
  • League: Master
  • Spawn Location: 11:00

WayTeh - Winner!

  • Race: Protoss Protoss
  • League: Master
  • Spawn Location: 5:00

VOD

Have the link to the VOD?

Description

Time

  • Played on: April 2, 2017, 1:31 p.m.
  • Length: 10:43
Show
View Real Time Build Order
Export as new Build Order

spaz Protoss 

Build Orders:  

Get SALT Encoding   

  12  0:00  Probe (Chrono Boost)  
  13  0:11  Probe (Chrono Boost)  
  14  0:19  Pylon  
  14  0:22  Probe (Chrono Boost)  
  15  0:38  Gateway, Probe (Chrono Boost)  
  16  0:44  Assimilator  
  16  0:48  Probe (Chrono Boost)  
  17  0:55  Assimilator  
  17  0:59  Probe (Chrono Boost)  
  18  1:09  Probe (Chrono Boost)  
  19  1:14  Gateway  
  19  1:20  Probe (Chrono Boost)  
  20  1:26  Cybernetics Core  
  20  1:30  Probe (Chrono Boost)  
  21  1:41  Probe (Chrono Boost)  
  21  1:47  Pylon  
  22  1:51  Probe (Chrono Boost)  
  22  1:52  Warp Gate  
  23  2:05  Stalker x2  
  29  2:16  Mothership Core (Chrono Boost)  
  29  2:21  Pylon  
  29  2:37  Stalker  
  31  2:39  Stalker  
  33  3:03  Nexus  
  33  3:13  Sentry x2  
  35  3:23  Robotics Facility  
  36  3:28  Probe (Chrono Boost)  
  36  3:36  Pylon  
  36  3:40  Probe (Chrono Boost)  
  36  3:58  Twilight Council  
  36  3:59  Stalker  
  36  4:02  Stalker  
  39  4:12  Observer  
  40  4:18  Gateway  
  40  4:22  Stalker  
  43  4:25  Probe (Chrono Boost)  
  43  4:27  Probe (Chrono Boost)  
  44  4:35  Blink  
  44  4:37  Probe (Chrono Boost)  
  44  4:38  Probe (Chrono Boost)  
  46  4:47  Assimilator  
  46  4:50  Probe (Chrono Boost)  
  47  4:53  Probe (Chrono Boost)  
  48  5:02  Probe (Chrono Boost)  
  48  5:03  Probe (Chrono Boost)  
  48  5:04  Stalker  
  52  5:12  Stalker  
  55  5:14  Probe (Chrono Boost)  
  55  5:15  Probe (Chrono Boost)  
  56  5:21  Pylon  
  56  5:31  Probe (Chrono Boost)  
  56  5:35  Gateway  
  57  5:37  Gateway  
  57  5:40  Probe (Chrono Boost)  
  57  5:41  Warp Prism  
  61  5:50  Probe (Chrono Boost)  
  61  5:51  Sentry  
  61  5:53  Sentry  
  61  5:56  Probe (Chrono Boost)  
  66  5:58  Assimilator  
  66  6:03  Pylon  
  67  6:05  Probe (Chrono Boost)  
  67  6:16  Pylon  
  67  6:17  Probe (Chrono Boost)  
  68  6:19  Stalker  
  68  6:21  Stalker  
  68  6:23  Stalker  
  74  6:33  Probe x2 (Chrono Boost)  
  76  6:41  Stalker x2  
  76  6:43  Observer  
  76  6:45  Stalker  
  76  6:46  Stalker  
  83  7:02  Stalker  
  85  7:16  Pylon  
  85  7:19  Pylon  
  85  7:21  Robotics Bay  
  85  7:32  Probe (Chrono Boost)  
  85  7:34  Probe (Chrono Boost)  
  87  7:42  Forge  
  87  7:45  Nexus  
  87  7:47  Probe (Chrono Boost), Pylon  
  87  7:48  Probe (Chrono Boost), Pylon  
  89  7:54  Stalker x3  
  95  8:02  Resonating Glaives  
  95  8:06  Probe x2 (Chrono Boost)  
  95  8:12  Disruptor  
  95  8:18  Probe (Chrono Boost)  
  95  8:19  Protoss Ground Weapons Level 1, Pylon  
  99  8:22  Robotics Facility  
  99  8:28  Probe (Chrono Boost)  
  99  8:30  Probe (Chrono Boost)  
  99  8:32  Dark Shrine  
  101  8:39  Probe (Chrono Boost)  
  102  8:45  Disruptor  
  102  8:52  Stalker x4  
  102  8:55  Stalker  
  115  8:59  Probe (Chrono Boost)  
  115  9:00  Probe (Chrono Boost)  
  116  9:16  Disruptor  
  116  9:23  Stalker x5  
  106  9:32  Disruptor  
  99  9:47  Adept x5  
  99  9:52  Disruptor  
  110  10:02  Pylon  
  110  10:03  Pylon  
  110  10:05  Pylon  
  110  10:18  Stalker x2  
Show
View Real Time Build Order
Export as new Build Order

WayTeh Protoss - Winner!

Build Orders:  

Get SALT Encoding   

  12  0:01  Probe (Chrono Boost)  
  13  0:11  Probe (Chrono Boost)  
  14  0:19  Pylon  
  14  0:22  Probe (Chrono Boost)  
  15  0:37  Gateway, Probe (Chrono Boost)  
  16  0:47  Probe (Chrono Boost)  
  16  0:49  Assimilator  
  17  0:54  Assimilator  
  17  0:58  Probe (Chrono Boost)  
  18  1:07  Gateway  
  18  1:09  Probe (Chrono Boost)  
  19  1:19  Probe (Chrono Boost)  
  20  1:26  Cybernetics Core  
  20  1:30  Probe (Chrono Boost)  
  21  1:35  Pylon  
  21  1:40  Probe (Chrono Boost)  
  22  1:50  Warp Gate  
  22  1:51  Probe (Chrono Boost)  
  23  2:02  Stalker x2  
  23  2:07  Probe (Chrono Boost)  
  28  2:14  Pylon  
  30  2:23  Mothership Core (Chrono Boost)  
  30  2:37  Stalker x2  
  34  3:10  Nexus  
  34  3:12  Pylon  
  34  3:14  Sentry  
  34  3:15  Sentry  
  38  3:31  Robotics Facility  
  39  3:35  Probe (Chrono Boost)  
  39  3:47  Probe (Chrono Boost)  
  36  4:00  Probe (Chrono Boost)  
  37  4:03  Twilight Council  
  37  4:12  Probe (Chrono Boost)  
  37  4:14  Immortal  
  38  4:23  Probe (Chrono Boost)  
  38  4:24  Probe (Chrono Boost)  
  44  4:28  Pylon  
  44  4:33  Probe (Chrono Boost)  
  44  4:36  Probe (Chrono Boost)  
  46  4:39  Blink  
  46  4:44  Probe (Chrono Boost)  
  47  4:46  Probe (Chrono Boost)  
  48  4:54  Observer, Pylon  
  48  4:55  Probe (Chrono Boost)  
  48  4:57  Probe (Chrono Boost)  
  51  5:04  Assimilator x2  
  51  5:05  Probe (Chrono Boost)  
  52  5:07  Probe (Chrono Boost)  
  52  5:08  Pylon  
  53  5:16  Probe (Chrono Boost)  
  53  5:19  Probe (Chrono Boost)  
  55  5:24  Gateway x2  
  55  5:26  Probe (Chrono Boost)  
  56  5:29  Probe (Chrono Boost)  
  56  5:34  Immortal  
  61  5:38  Probe (Chrono Boost)  
  61  5:40  Probe (Chrono Boost)  
  63  5:48  Probe (Chrono Boost)  
  64  5:53  Stalker x2  
  68  6:10  Gateway  
  68  6:12  Gateway, Probe (Chrono Boost)  
  68  6:14  Gateway  
  68  6:16  Gateway  
  69  6:18  Sentry x2  
  69  6:21  Sentry x2  
  77  6:27  Immortal  
  81  6:40  Pylon  
  81  6:41  Pylon  
  81  6:44  Pylon  
  81  6:48  Pylon  
  81  6:49  Stalker  
  81  6:50  Pylon  
  82  6:55  Stalker x2  
  82  7:01  Stalker  
  88  7:13  Robotics Bay  
  88  7:18  Observer  
  89  7:25  Stalker x4  
  89  7:28  Stalker  
  99  7:37  Stalker x2  
  103  7:47  Warp Prism  
  103  7:50  Stalker  
  107  8:11  Stalker  
  107  8:12  Stalker x5  
  119  8:18  Disruptor  
  122  8:47  Stalker x2  
  112  9:30  Pylon  
  110  9:31  Stalker x5  
  110  9:32  Pylon, Stalker x3  
  110  9:35  Pylon  
  110  9:37  Pylon  
  122  9:42  Disruptor  
  125  9:55  Stalker x6  
  123  10:26  Stalker x2  
  123  10:27  Stalker x4  
Tags
 
Matchup
PvP
Player
Spatz
Spawn Locations
Cross Positions
Add a new tag
Caveats
  • Supply blocks, unpowered buildings, or Contaminate may cause inaccurate times.
  • Supply counts are checked every 10 seconds.